Map: Eastwatch LE

Players

axu

  • Race: Protoss Protoss
  • League: Platinum
  • Spawn Location: 7:00

Blaze - Winner!

  • Race: Protoss Protoss
  • League: Platinum
  • Spawn Location: 1:00

VOD

Have the link to the VOD?

Description

Time

  • Played on: March 7, 2018, 3:10 p.m.
  • Length: 9:35
Show
View Real Time Build Order
Export as new Build Order

axu Protoss 

Build Orders:  

Get SALT Encoding   

  12  0:01  Probe  
  13  0:13  Probe  
  14  0:18  Pylon  
  14  0:25  Probe  
  15  0:37  Probe  
  15  0:41  Gateway  
  17  0:50  Probe (Chrono Boost)  
  17  0:55  Assimilator  
  17  1:00  Assimilator  
  17  1:02  Probe (Chrono Boost)  
  18  1:09  Gateway  
  18  1:12  Probe (Chrono Boost)  
  19  1:19  Probe  
  20  1:34  Cybernetics Core  
  20  1:36  Probe  
  21  1:49  Probe  
  22  1:56  Pylon  
  22  2:01  Probe  
  23  2:14  Pylon, Probe  
  24  2:15  Adept (Chrono Boost)  
  24  2:16  Adept (Chrono Boost)  
  28  2:37  Adept x2 (Chrono Boost)  
  32  2:52  Nexus  
  30  3:27  Stalker x2  
  30  3:32  Stargate  
  35  3:34  Probe  
  35  3:36  Robotics Facility  
  35  3:40  Pylon  
  35  3:42  Warp Gate (Chrono Boost)  
  35  3:46  Probe  
  36  4:01  Sentry, Probe  
  39  4:13  Probe  
  39  4:14  Shield Battery  
  39  4:15  Oracle  
  43  4:23  Probe  
  44  4:26  Probe  
  45  4:35  Probe  
  45  4:38  Observer  
  47  4:40  Probe  
  48  4:47  Probe  
  49  4:53  Gateway, Probe  
  49  4:59  Immortal  
  54  5:00  Gateway  
  54  5:10  Probe x2  
  56  5:22  Probe x2  
  58  5:34  Probe x2  
  60  6:01  Forge  
  60  6:09  Forge  
  60  6:10  Gateway  
  58  6:14  Gateway  
  48  6:22  Stalker x3  
  48  6:23  Stalker  
  47  6:53  Pylon  
  47  6:55  Probe x2  
  49  7:07  Probe  
  49  7:08  Probe  
  51  7:15  Stalker x4  
  53  7:40  Immortal  
  57  7:51  Stalker  
  57  7:52  Stalker x3  
  33  8:41  Stalker x2  
  23  9:24  Stalker  
Show
View Real Time Build Order
Export as new Build Order

Blaze Protoss - Winner!

Build Orders:  

Get SALT Encoding   

  12  0:01  Probe  
  13  0:13  Probe  
  14  0:19  Pylon  
  14  0:25  Probe  
  15  0:37  Probe  
  15  0:39  Gateway  
  17  0:50  Probe  
  17  0:51  Assimilator  
  17  0:57  Assimilator  
  17  1:02  Probe  
  18  1:09  Gateway  
  18  1:14  Probe  
  19  1:24  Pylon  
  19  1:26  Probe  
  20  1:39  Probe (Chrono Boost)  
  21  1:46  Cybernetics Core  
  21  1:51  Probe (Chrono Boost)  
  22  2:01  Probe (Chrono Boost)  
  23  2:11  Probe  
  24  2:22  Adept x2 (Chrono Boost)  
  24  2:23  Probe  
  29  2:48  Nexus  
  29  2:50  Warp Gate (Chrono Boost)  
  29  2:56  Stalker  
  31  3:34  Pylon x2  
  31  3:37  Gateway  
  31  3:39  Gateway  
  31  3:42  Stargate  
  31  3:51  Stalker  
  31  3:55  Stalker  
  35  4:00  Probe x2  
  37  4:17  Probe x2  
  37  4:21  Assimilator  
  39  4:24  Oracle (Chrono Boost)  
  42  4:36  Shield Battery  
  42  4:39  Stalker x3  
  42  4:42  Probe  
  42  4:45  Probe  
  50  4:52  Oracle (Chrono Boost)  
  53  5:13  Twilight Council  
  53  5:18  Pylon  
  53  5:22  Probe x2  
  53  5:27  Sentry  
  53  5:28  Sentry  
  55  5:39  Stalker x2  
  56  5:52  Probe x2  
  58  5:59  Stalker x2  
  62  6:04  Probe x2  
  64  6:47  Stalker  
  64  6:48  Stalker x2  
  70  7:02  Pylon  
  70  7:04  Pylon  
  70  7:20  Probe x2  
  75  7:23  Pylon  
  75  7:28  Forge  
  59  7:44  Stalker x4  
  64  8:09  Robotics Facility  
  54  8:24  Stalker x4  
  50  8:40  Void Ray (Chrono Boost)  
  45  8:49  Zealot x2  
  45  8:50  Zealot x2  
  46  9:14  Stalker x3  
  46  9:15  Stalker  
  56  9:30  Shield Battery  
Tags
 
Add a new tag
Caveats
  • Supply blocks, unpowered buildings, or Contaminate may cause inaccurate times.
  • Supply counts are checked every 10 seconds.